 Dungeon Crawl Stone Soup version 0.16-a0-148-g3b84123 (webtiles) character file.

10191 MackTheKnife the Conjurer (level 11, -4/94 HPs)
             Began as a Mottled Draconian Venom Mage on Aug 15, 2014.
             Was a High Priest of Sif Muna.
             Slain by an unseen horror (9 damage)
             ... on Level 11 of the Dungeon on Aug 17, 2014.
             The game lasted 00:50:48 (13328 turns).

MackTheKnife the Conjurer (DrVM)                   Turns: 13328, Time: 00:50:48

HP  -4/94        AC 13     Str 10      XL: 11   Next: 32%
MP  20/27        EV 14     Int 20      God: Sif Muna [*****.]
Gold 519         SH  0     Dex 12      Spells:  5 memorised, 10 levels left

rFire  . . .     SeeInvis .     F - +4 scimitar (flame)
rCold  + + .     Clarity  .     (armour unavailable)
rNeg   + . .     rCorr    .     (no shield)
rPois  .         rRot     .     B - +2 hat
rElec  +         Spirit   .     n - +0 cloak
SustAb .         Warding  .     l - +0 pair of gloves (curse)
rMut   .         Stasis   .     j - +1 pair of boots (curse)
Gourm  .                        (no amulet)
MR     .....                    w - ring of protection from cold
                                K - ring of Peareh {+Fly rElec rC+ rN+ Int+1}

@: short of breath, not resistant to hostile enchantments, unstealthy
A: breathe sticky flames, unfitting armour, cold-blooded, AC +7
a: Breathe Sticky Flame, Channel Energy, Forget Spell, Renounce Religion, Evoke
Flight


You were on level 11 of the Dungeon.
You worshipped Sif Muna.
Sif Muna was extremely pleased with you.
You were not hungry.

You visited 3 branches of the dungeon, and saw 15 of its levels.

You collected 1064 gold pieces.
You spent 545 gold pieces at shops.


Innate Abilities, Weirdness & Mutations

You can spit globs of burning liquid.
You can ignite nearby creatures when you spit burning liquid.
Your weird mottled scales are hard (AC +7).
Your body does not fit into most forms of armour.
Your cold-blooded metabolism reacts poorly to cold.


   Skills:
 + Level 8.1 Fighting
 + Level 5.6 Dodging
 - Level 1.8 Stealth
 - Level 7.9 Spellcasting
 - Level 10.4 Conjurations
 - Level 3.0 Air Magic
 - Level 7.5 Poison Magic


You had 10 spell levels left.
You knew the following spells:

 Your Spells              Type           Power        Failure   Level  Hunger
c - Cure Poison           Pois           #####.....   1%          2    None
f - Mephitic Cloud        Conj/Pois/Air  #####...     1%          3    #......
v - Venom Bolt            Conj/Pois      #####.....   8%          5    ####...
x - Olgreb's Toxic Radia  Pois           #####...     4%          4    ###....
z - Sting                 Conj/Pois      ####         1%          1    None

Inventory:

Hand weapons
 F - a +4 scimitar of flaming (weapon)
Armour
 j - a cursed +1 pair of boots (worn)
 l - a cursed +0 pair of gloves (worn)
 n - a +0 cloak (worn)
 B - a +2 hat (worn)
Magical devices
 v - a wand of draining (10)
 A - a wand of polymorph (13)
 G - a wand of random effects (17)
 M - a wand of polymorph (0)
Comestibles
 c - 2 rotting chunks of goblin flesh {@*1}
 h - 4 meat rations
 i - 3 beef jerkies
 r - 4 fruits
 t - 5 slices of pizza
Scrolls
 d - 8 scrolls of remove curse
 o - 4 scrolls of identify
 y - 2 scrolls of magic mapping
 J - a scroll of amnesia
Jewellery
 g - a +1 ring of strength
 w - a ring of protection from cold (right hand)
 D - an uncursed ring of flight
 K - the ring of Peareh (left hand) {+Fly rElec rC+ rN+ Int+1}
   (You bought it in a shop on level 9 of the Dungeon)

   [ring of intelligence]

   It affects your intelligence (+1).
   It protects you from cold.
   It insulates you from electricity.
   It protects you from negative energy.
   It lets you fly.
Potions
 e - a potion of invisibility {unknown}
 f - a potion of berserk rage
 k - a potion of curing
 p - 2 potions of magic
 s - a potion of degeneration {unknown}
 C - 2 potions of cancellation
 H - a potion of brilliance {unknown}
Books
 a - a book of Callings

   Spells                             Type                      Level
   Summon Small Mammal                Summoning                    1
   Call Imp                           Summoning                    2
   Call Canine Familiar               Summoning                    3
   Summon Guardian Golem              Hexes/Summoning              4
   Summon Lightning Spire             Summoning/Air                4
   Summon Ice Beast                   Ice/Summoning                4
 b - a Young Poisoner's Handbook

   Spells                             Type                      Level
   *Sting                             Conjuration/Poison           1
   *Cure Poison                       Poison                       2
   *Mephitic Cloud                    Conjuration/Poison/Air       3
   *Olgreb's Toxic Radiance           Poison                       4
   *Venom Bolt                        Conjuration/Poison           5
 q - a book of Enchantments

   Spells                             Type                      Level
   Tukima's Dance                     Hexes                        3
   Cause Fear                         Hexes                        4
   Silence                            Hexes/Air                    5
   Deflect Missiles                   Charms/Air                   6
   Haste                              Charms                       6
   Discord                            Hexes                        8
Miscellaneous
 L - a lamp of fire (inert)
 P - a phial of floods (inert)

▒▒▒▒▒·········
▒···········[·
▒·▒▒▒▒▒▒▒▒▒·· ▒·▒
· ▒·▒ ▒·▒ ▒[▒ ▒▒▒
▒▒▒ ▒▒▒ ▒▒▒▒·▒
▒8▒▒▒8▒▒▒8▒▒▒8▒▒d▒
···▒···▒···▒·)·▒[▒
·············[[[[▒
·················▒
················▒▒
···▒···▒···▒···▒▒
▒8▒▒▒8▒▒▒·▒▒▒·▒▒
▒▒▒ ▒▒▒ ▒▒▒ ▒▒▒


There were no monsters in sight!


Message History

Something hits you.
* * * LOW HITPOINT WARNING * * *
Something hits you.
* * * LOW HITPOINT WARNING * * *
Something hits you.
* * * LOW HITPOINT WARNING * * *
Things that are here:
a leather armour; a short sword
Items here: )) [[ a chain mail; a halberd; a robe; a dagger Something hits you!
* * * LOW HITPOINT WARNING * * *
Things that are here:
a ring mail; a flail; a hippogriff skeleton Something hits you.
* * * LOW HITPOINT WARNING * * *
Items here: %% )))) [[[[[
Items here: % )) [[ a robe; a dagger; a chain mail; a flail; an orc skeleton Drink which item? (? for menu, Esc to quit)
You feel better.
Unknown command.
Unknown command.
Unknown command.
Use which ability? (? or * to list)
You spit a glob of burning liquid.
You feel somewhat more hungry. Something hits you!
* * * LOW HITPOINT WARNING * * *
Something hits you!
You die...

Action                   |  1- 3 |  4- 6 |  7- 9 | 10-12 || total
-------------------------+-------+-------+-------+-------++-------
Melee: Hand axe          |    88 |    43 |       |       ||   131
       Unarmed           |     6 |       |       |       ||     6
       Dagger            |     5 |       |       |       ||     5
       Spear             |       |    95 |   112 |       ||   207
       Long sword        |       |       |   189 |    49 ||   238
       Scimitar          |       |       |       |   228 ||   228
 Cast: Sting             |    35 |    75 |   183 |    57 ||   350
       Mephitic Cloud    |       |    14 |    19 |    28 ||    61
       Venom Bolt        |       |       |       |    29 ||    29
       Olgreb's Toxic Ra |       |       |       |     4 ||     4
       Cure Poison       |       |       |       |     4 ||     4
Invok: Channel Energy    |       |       |     9 |    12 ||    21
 Abil: Breathe Sticky Fl |       |       |    11 |     6 ||    17
Evoke: Wand              |       |       |     4 |       ||     4
       Lamp of fire      |       |       |       |     1 ||     1
       Phial of floods   |       |       |       |     1 ||     1
  Use: Scroll            |     1 |     9 |     8 |     7 ||    25
       Potion            |       |       |       |    12 ||    12
 Stab: Sleeping          |     1 |     1 |       |     1 ||     3
       Confused          |       |     3 |     6 |     4 ||    13
  Eat: Chunk             |     2 |     6 |    10 |     7 ||    25
       Bread ration      |       |     1 |     1 |     3 ||     5
       Fruit             |       |     1 |       |     1 ||     2
       Meat ration       |       |       |     1 |     1 ||     2

Vault maps used:
D:1:      lightli_arrival_chessboard, minmay_bisected
D:2:      uniq_sigmund
D:3:      minmay_door_path, lemuel_doored_altar, minmay_crystal_room,
          supply_closet_lemuel, uniq_crazy_yiuf_cottage, uniq_terence
D:4:      minitemple, first_bread, uniq_pikel, uniq_eustachio
D:5:      grunt_temple_overflow_bloody_war, portal_sewer_entry_e,
          ashenzari_altar_1, uniq_duvessa
D:6:      serial_shops, nicolae_shop_stone
D:7:      minmay_temple_entry_grid
D:9:      overflow_temple_1_default, serial_shops, nicolae_shop_waterfront,
          basic_altar
D:10:     minmay_lair_entry_lava, uniq_erica, uniq_sonja, uniq_erolcha
D:11:     minmay_klotski, david_orc_4, serial_shops, shop
Orc:1:    basic_altar, serial_shops, shop
Orc:3:    basic_altar, nicolae_orc_pool_cavern, nicolae_orc_flooded_monolith
Lair:1:   beast_lair_carwin_10

Notes
Turn   | Place    | Note
--------------------------------------------------------------
     0 | D:1      | MackTheKnife, the Draconian Venom Mage, began the quest for the Orb.
     0 | D:1      | Reached XP level 1. HP: 14/14 MP: 3/3
   256 | D:1      | Reached XP level 2. HP: 15/20 MP: 0/5
   982 | D:2      | Noticed Sigmund
  1122 | D:2      | Reached XP level 3. HP: 20/26 MP: 1/6
  1301 | D:2      | Reached skill level 3 in Spellcasting
  1505 | D:2      | Reached XP level 4. HP: 13/33 MP: 3/9
  2040 | D:3      | Learned a level 3 spell: Mephitic Cloud
  2095 | D:3      | Reached skill level 5 in Poison Magic
  2095 | D:3      | Reached XP level 5. HP: 32/38 MP: 5/11
  2185 | D:3      | Noticed Terence
  2192 | D:3      | Killed Terence
  2192 | D:3      | Reached skill level 1 in Conjurations
  2291 | D:3      | Reached skill level 1 in Air Magic
  2699 | D:3      | Noticed an ogre
  2717 | D:3      | Found a deep blue altar of Sif Muna.
  2720 | D:3      | Became a worshipper of Sif Muna the Loreminder
  2830 | D:3      | Noticed Crazy Yiuf
  2845 | D:3      | Killed Crazy Yiuf
  3500 | D:4      | Noticed Pikel
  3500 | D:4      | Noticed a slave
  3501 | D:4      | Noticed a slave
  3501 | D:4      | Noticed a slave
  3501 | D:4      | Noticed a slave
  3670 | D:4      | Reached skill level 2 in Conjurations
  3670 | D:4      | Reached XP level 6. HP: 27/45 MP: 13/13
  3710 | D:4      | Noticed a phantom
  3766 | D:4      | Found a basalt altar of Yredelemnul.
  3768 | D:4      | Noticed an ogre
  3775 | D:4      | Killed an ogre
  3775 | D:4      | Reached skill level 2 in Air Magic
  3806 | D:4      | Found a blossoming altar of Fedhas.
  3867 | D:4      | Killed a slave
  3894 | D:4      | Killed a slave
  3994 | D:4      | Killed a slave
  4156 | D:4      | Noticed an ogre
  4206 | D:4      | Noticed a phantom
  4208 | D:5      | Entered Level 5 of the Dungeon
  4373 | D:5      | Acquired Sif Muna's first power
  4373 | D:5      | Reached skill level 3 in Conjurations
  4373 | D:5      | Reached skill level 3 in Air Magic
  4373 | D:5      | Reached skill level 6 in Poison Magic
  4373 | D:5      | Your scales start taking on a weird mottled pattern.
  4373 | D:5      | Reached XP level 7. HP: 50/50 MP: 6/15
  4540 | D:5      | Found a shattered altar of Ashenzari.
  4617 | D:5      | Found a bloodstained altar of Trog.
  4618 | D:5      | Found an iron altar of Okawaru.
  4672 | D:5      | Reached skill level 4 in Spellcasting
  4865 | D:5      | Reached skill level 4 in Conjurations
  5038 | D:5      | Noticed Dowan
  5131 | D:5      | Killed Dowan
  5313 | D:5      | Noticed Duvessa
  5523 | D:6      | Found Soruy's Antique Weapon Boutique.
  5535 | D:6      | Acquired Sif Muna's second power
  5535 | D:6      | Reached XP level 8. HP: 52/57 MP: 15/19
  5545 | D:6      | Bought an ichor-stained long sword for 212 gold pieces
  5546 | D:6      | Identified the cursed +0 long sword "Jellyslayer" {elec, rN+ Curse} (You bought it in a shop on level 6 of the Dungeon)
  5690 | D:6      | Reached skill level 5 in Conjurations
  5797 | D:6      | Learned a level 4 spell: Olgreb's Toxic Radiance
  5800 | D:6      | Learned a level 2 spell: Cure Poison
  5813 | D:6      | Reached skill level 5 in Spellcasting
  5944 | D:6      | Reached skill level 2 in Dodging
  5962 | D:6      | Reached skill level 1 in Fighting
  6299 | D:7      | Reached skill level 2 in Fighting
  6384 | D:7      | Found a staircase to the Ecumenical Temple.
  6649 | D:7      | Noticed a komodo dragon
  6797 | D:8      | Reached skill level 3 in Dodging
  6839 | D:8      | Identified a scroll of acquirement
  6907 | D:8      | Reached skill level 3 in Fighting
  6983 | D:8      | Reached skill level 4 in Fighting
  6983 | D:8      | Reached skill level 4 in Dodging
  7474 | D:8      | Reached XP level 9. HP: 69/73 MP: 17/21
  7563 | D:8      | Reached skill level 5 in Fighting
  7651 | D:8      | Reached skill level 5 in Dodging
  8040 | D:9      | Found Striot Adwe's Jewellery Boutique.
  8472 | D:9      | Reached skill level 6 in Conjurations
  8504 | D:9      | Bought the cursed ring of Peareh {+Fly rElec rC+ rN+ Int+1} for 333 gold pieces
  8532 | D:9      | Found a bloodstained altar of Trog.
  8597 | D:9      | Reached skill level 6 in Spellcasting
  8869 | D:9      | Found a snail-covered altar of Cheibriados.
  8887 | D:9      | Reached skill level 7 in Conjurations
  9017 | D:9      | Learned a level 5 spell: Venom Bolt
  9032 | D:9      | Reached skill level 7 in Spellcasting
  9228 | D:9      | Reached XP level 10. HP: 83/83 MP: 15/25
  9339 | D:10     | Entered Level 10 of the Dungeon
  9388 | D:10     | Noticed Sonja
  9394 | D:10     | Noticed Erica
  9407 | D:10     | Killed Erica
  9407 | D:10     | Acquired Sif Muna's third power
  9407 | D:10     | Reached skill level 8 in Conjurations
  9469 | D:10     | Noticed a hill giant
  9505 | D:10     | Killed a hill giant
  9586 | D:10     | Killed Sonja
 10159 | D:10     | Found a staircase to the Lair.
 10167 | D:10     | Reached skill level 9 in Conjurations
 10167 | D:10     | Reached skill level 7 in Poison Magic
 10176 | D:10     | Noticed Erolcha
 10338 | Lair:1   | Entered Level 1 of the Lair of Beasts
 10691 | Lair:1   | Noticed a death yak
 10691 | Lair:1   | Noticed a death yak
 10691 | Lair:1   | Noticed a death yak
 10698 | Lair:1   | Killed a death yak
 10698 | Lair:1   | Reached skill level 6 in Fighting
 10903 | D:11     | Noticed a hill giant
 10915 | D:11     | Killed a hill giant
 10915 | D:11     | Reached XP level 11. HP: 91/91 MP: 10/27
 11180 | D:11     | Reached skill level 10 in Conjurations
 11507 | D:11     | Reached skill level 7 in Fighting
 11843 | D:11     | Found a staircase to the Orcish Mines.
 11873 | Orc:1    | Entered Level 1 of the Orcish Mines
 12188 | Orc:1    | Found Brias' Weapon Shop.
 12268 | Orc:1    | Found a roughly hewn altar of Beogh.
 12954 | Orc:3    | Reached skill level 8 in Fighting
 12968 | Orc:3    | Found a roughly hewn altar of Beogh.
 13102 | Orc:3    | Noticed haldagan's ghost (powerful GrIE)
 13309 | D:11     | Noticed a tengu warrior
 13309 | D:11     | Noticed a tengu reaver
 13310 | D:11     | Noticed an ettin
 13325 | D:11     | HP: 7/94 [something (6)]
 13328 | D:11     | Slain by an unseen horror

Vanquished Creatures
  Erica (D:10)
  A death yak (Lair:1)
  A hill giant (D:11)
  A komodo dragon (Lair:1)
  A fire drake (D:10)
  4 trolls
  Sonja (D:10)
  4 yaks (D:9)
  A deep elf mage (D:9)
  A hill giant zombie (D:8)
  3 hippogriffs
  2 wargs (Orc:1)
  4 wolves (Lair:1)
  6 orc warriors
  A human skeleton (D:11)
  3 slaves (D:4)
  An ice beast (D:8)
  5 centaurs
  3 sky beasts
  2 phantoms
  4 ogres
  A big kobold (D:8)
  4 giant frogs
  An eye of draining (D:9)
  2 scorpions
  A water moccasin skeleton (D:4)
  5 killer bees (D:9)
  2 hippogriff zombies
  8 crimson imps
  Dowan (D:5)
  3 jellies
  Crazy Yiuf (D:3)
  3 iguanas
  An elf skeleton (D:8)
  6 hounds
  10 orc priests
  5 worker ants
  12 orc wizards
  Terence (D:3)
  2 mummies (D:11)
  2 green rats (D:5)
  12 adders
  14 gnolls
  A shadow imp (D:11)
  2 giant mites
  A worm (D:2)
  71 orcs
  A ball python (D:5)
  A bat zombie (D:6)
  10 giant cockroaches
  17 goblins
  13 hobgoblins
  8 jackals
  4 quokkas
  16 bats
  4 giant geckos
  4 giant newts
  A giant spore (D:11)
  A hobgoblin skeleton (D:4)
  11 kobolds
  A kobold skeleton (D:5)
  A quokka zombie (D:6)
  14 rats
  5 ballistomycetes (D:11)
334 creatures vanquished.

Vanquished Creatures (collateral kills)
  A hill giant (D:10)
1 creature vanquished.

Vanquished Creatures (others)
  A killer bee (D:9)
1 creature vanquished.

Grand Total: 336 creatures vanquished
